 Dungeon Crawl Stone Soup version 0.30-a0-591-g3c58d2bc28 (webtiles) character file.

Game seed: 12540633102913142482

1106 Oxelix the Carver (level 8, -2/73 HPs)
             Began as a Minotaur Berserker on Jan 6, 2023.
             Was a Priest of Trog.
             Slain by a vampire (5 damage)
             ... on level 6 of the Dungeon.
             The game lasted 00:06:13 (3377 turns).

Oxelix the Carver (Minotaur Berserker)              Turns: 3377, Time: 00:06:14

Health: -2/73      AC: 15    Str: 27    XL:     8   Next: 11%
Magic:  7/7        EV:  9    Int:  4    God:    Trog [***...]
Gold:   205        SH:  0    Dex: 10    Spells: 7/7 levels left

rFire   . . .      SeeInvis .    n - +0 scimitar
rCold   . . .      Faith    .    (no shield)
rNeg    . . .      Spirit   .    J - +4 chain mail "Baphor" {Regen+ Str+3}
rPois   .          Reflect  .    (helmet restricted)
rElec   .          Harm     .    D - +0 cloak
rCorr   .          Rampage  .    (no gloves)
Will    .....                    G - +0 pair of boots
Stlth   x                          - amulet of regeneration
HPRegen 1.92/turn                (no ring)
MPRegen 0.10/turn                (no ring)

@: confused, on berserk cooldown, invisible
A: horns 2, retaliatory headbutt
a: Renounce Religion, Berserk, Trog's Hand


You were on level 6 of the Dungeon.
You worshipped Trog.
Trog was most pleased with you.
You visited 2 branches of the dungeon, and saw 7 of its levels.

You collected 205 gold pieces.

Inventory:

Hand Weapons
 a - a +0 falchion
 n - a +0 scimitar (weapon)
 C - the +2 hand axe "Geeranam" {freeze, rCorr}
   (You found it on level 3 of the Dungeon)

   rCorr:     It protects you from acid and corrosion.
Missiles
 o - 4 boomerangs of dispersal (quivered)
Armour
 q - a scarf of invisibility
 D - a +0 cloak (worn)
 G - a +0 pair of boots (worn)
 J - the +4 chain mail "Baphor" (worn) {Regen+ Str+3}
   (You found it on level 4 of the Dungeon)

   Str:       It affects your strength (+3).
   Regen:     It increases your rate of health regeneration.
Jewellery
 x - an amulet of regeneration (around neck)
 E - an amulet of faith
Wands
 w - a wand of roots (22)
Scrolls
 c - a scroll of enchant weapon {unknown}
 d - 3 scrolls of fog {unknown}
 e - 5 scrolls of identify {unknown}
 f - 2 scrolls of enchant armour {unknown}
 g - 3 scrolls of teleportation {unknown}
 k - a scroll of torment {unknown}
 r - a scroll of noise {unknown}
 t - a scroll of silence {unknown}
 y - a scroll of fear {unknown}
 z - a scroll of magic mapping {unknown}
 A - 2 scrolls of immolation {unknown}
 F - 2 scrolls of amnesia {unknown}
 H - a scroll of blinking {unknown}
Potions
 b - a potion of invisibility
 h - 2 potions of ambrosia {unknown}
 i - 3 potions of flight {unknown}
 j - a potion of mutation {unknown}
 l - 2 potions of attraction {unknown}
 m - 4 potions of haste {unknown}
 p - a potion of degeneration {unknown}
 s - a potion of heal wounds {unknown}
 u - 3 potions of curing {unknown}
 v - 2 potions of brilliance {unknown}
 B - a potion of cancellation {unknown}
 I - a potion of resistance {unknown}
 K - a potion of might {unknown}


   Skills:
 + Level 7.5 Fighting
 * Level 10.1 Long Blades
 - Level 2.4 Armour
 - Level 2.1 Dodging


You had 7 spell levels left.
You didn't know any spells.
Your spell library was empty.

Dungeon Overview and Level Annotations

Branches:
Dungeon (5/15)             Temple (1/1) D:5

Altars:
Dithmenos
Elyvilon
Gozag
Makhleb
Nemelex Xobeh
Qazlal
Ru
Sif Muna
Trog
Uskayaw
Vehumet
Xom
Zin

Shops:
D:2 (


Innate Abilities, Weirdness & Mutations

You have a pair of horns on your head.
You reflexively headbutt those who attack you in melee.


Message History

Something draws strength from your injuries!
You hit something but do no damage. Your headbutt misses something.
Something hits you. Something bites you but does no damage. Something hits you.
Something bites you but does no damage.
It was a potion of invisibility.
You fade into invisibility!
You feel yourself speed up. Something hits you.
* * * LOW HITPOINT WARNING * * *
Something bites you.
* * * LOW HITPOINT WARNING * * *
Something draws strength from your injuries!
You barely miss something. Something hits you but does no damage.
Something bites you but does no damage.
You barely miss something. Something hits you.
* * * LOW HITPOINT WARNING * * *
Something bites you but does no damage.
You closely miss something.
A vampire appears from thin air!
Reactivating autopickup.
The vampire casts a spell at you.
You are confused.
The vampire gestures wildly while chanting.
The vampire flickers and vanishes!
Deactivating autopickup; reactivate with Ctrl-A.
Something hits you but does no damage. Something bites you!
* * * LOW HITPOINT WARNING * * *
Something draws strength from your injuries!
You hear some strange, mumbled words.
You are more confused.
Something hits you.
* * * LOW HITPOINT WARNING * * *
Something bites you.
* * * LOW HITPOINT WARNING * * *
Something draws strength from your injuries!
Something hits you.
* * * LOW HITPOINT WARNING * * *
Something completely misses you. Something hits you.
* * * LOW HITPOINT WARNING * * *
Something bites you.
You die...

.#.#...... #....
.#.#....###.# #...#
.#.#....#.#.# #...#
.#.#....#.#.#.# #...#
........#...#.###...#
##.#............'...+
........#.#+#.###)..#
##.#.............)..##
#..............@....#
###.#...........!...#
#.#.#......†......#
#..........##........
###.#.########........
#.#.# #.#...... # #.#
#.....#.. #. #........
#....


There were no monsters in sight!

Vanquished Creatures
  2 water moccasins (D:6)
  An ice beast (D:5)
  A black bear (D:5)
  A sky beast (D:5)
  2 phantoms (D:5)
  3 scorpions (D:5)
  3 hounds
  An iguana (D:4)
  2 orc wizards (D:5)
  5 adders
  A white imp (D:6)
  An ufetubus (D:5)
  A worm (D:3)
  A dart slug (D:2)
  6 orcs
  6 ball pythons
  5 endoplasms
  6 giant cockroaches
  4 goblins
  10 hobgoblins
  4 jackals (D:2)
  2 quokkas
  5 bats
  3 frilled lizards
  5 kobolds
  7 rats
88 creatures vanquished.

Notes
Turn   | Place    | Note
-------+----------+-------------------------------------------
     0 | D:1      | Oxelix the Minotaur Berserker began the quest for the Orb.
     0 | D:1      | Reached XP level 1. HP: 19/19 MP: 0/0
   132 | D:1      | Reached skill level 4 in Long Blades
   177 | D:1      | Reached XP level 2. HP: 24/27 MP: 1/1
   477 | D:1      | Reached ** piety under Trog
   706 | D:2      | Reached XP level 3. HP: 33/33 MP: 2/2
   798 | D:2      | Found Tar Miyts's Weapon Emporium.
  1381 | D:2      | Reached skill level 5 in Long Blades
  1544 | D:3      | Found a burning altar of Makhleb.
  1632 | D:3      | Found a sacrificial altar of Ru.
  1725 | D:3      | Identified the +2 hand axe "Geeranam" {freeze, rCorr}
  1910 | D:4      | Reached XP level 4. HP: 11/41 MP: 3/3
  2197 | D:4      | Identified the +4 chain mail "Baphor" {Regen+ Str+3}
  2460 | D:5      | Entered Level 5 of the Dungeon
  2460 | D:5      | Noticed an ice beast
  2464 | D:5      | Killed an ice beast
  2465 | D:5      | Reached skill level 5 in Fighting
  2465 | D:5      | Reached skill level 6 in Long Blades
  2465 | D:5      | Reached XP level 5. HP: 48/48 MP: 4/4
  2570 | D:5      | Noticed a sky beast
  2587 | D:5      | Killed a sky beast
  2588 | D:5      | Reached skill level 7 in Long Blades
  2588 | D:5      | Reached XP level 6. HP: 57/57 MP: 5/5
  2679 | D:5      | Found a staircase to the Ecumenical Temple.
  2712 | D:5      | Reached skill level 8 in Long Blades
  2717 | D:5      | Reached XP level 7. HP: 64/64 MP: 6/6
  2723 | Temple   | Entered the Ecumenical Temple
  2941 | D:5      | Reached *** piety under Trog
  3132 | D:5      | Reached skill level 9 in Long Blades
  3267 | D:5      | You fall into a shaft and drop 1 floor!
  3304 | D:6      | Reached XP level 8. HP: 73/73 MP: 7/7
  3336 | D:6      | Reached skill level 10 in Long Blades
  3377 | D:6      | HP: 3/73 [something (5)]
  3377 | D:6      | Slain by a vampire

Illustrated notes

Levels and vault maps discovered:
D:1:      erik_arrival_cave_to_civilisation [erik_arrival_cave_to_hall],
          layout_basic, minmay_unequal
D:2:      layout_loops_corners, serial_shops, nicolae_shop_bloodbath_and_beyond
D:3:      layout_rooms, lightli_temple_of_fire, mainiacjoe_overflow_brackets
D:4:      layout_cave_pools, nicolae_overflow_hidden_temple
D:5:      layout_loops_ring, minmay_temple_entry_mist
D:6:      layout_basic, mainiacjoe_overflow_cross_hatched, portal_sewer_entry_b,
          minmay_manual_moon, uniq_grinder
Temple:   nicolae_temple_bog_church

Skill      XL: |  1  2  3  4  5  6  7  8 |
---------------+-------------------------+-----
Long Blades    | 4 5 6 7 8 9 10 | 10.1
Fighting       | 4 5 6 7 |  7.5
Armour         | |  2.4
Dodging        | |  2.1

Action                   |  1- 3 |  4- 6 |  7- 9 || total
-------------------------+-------+-------+-------++-------
Melee: Falchion          |    43 |       |       ||    43
       Headbutt          |    11 |     9 |    14 ||    34
       Scimitar          |    44 |    88 |    72 ||   204
       Punch             |       |     1 |     1 ||     2
Invok: Berserk           |       |     2 |     2 ||     4
  Use: Potion            |       |       |     1 ||     1
Armor: Animal skin       |    10 |       |       ||    10
       Ring mail         |    24 |    11 |       ||    35
       Chain mail        |       |    46 |    99 ||   145
Dodge: Dodged            |    63 |    37 |    30 ||   130

Table legend: (Time is in decaauts)
 A = Elapsed time spent in this place.
 B = Non-inter-level travel time spent in this place.
 C = Inter-level travel time spent in this place.
 D = Time resting spent in this place.
 E = Time spent auto-exploring this place.
 F = Levels seen in this place.
 G = Mean time per level.
                   A        B        C        D        E       F      G
               +--------+--------+--------+--------+--------+-----+--------+
         Total |   3436 |   3369 |     67 |    172 |   2314 |   7 |  490.9 |
       Dungeon |   3242 |   3186 |     56 |    172 |   2141 |   6 |  540.3 |
        Temple |    194 |    183 |     11 |      0 |    173 |   1 |  194.0 |
               +--------+--------+--------+--------+--------+-----+--------+

Top non-repeatable levels by time:
     D:2: 808 daAuts
     D:1: 702 daAuts
     D:5: 654 daAuts
     D:4: 576 daAuts
     D:3: 384 daAuts
  Temple: 194 daAuts
     D:6: 114 daAuts
